 Dungeon Crawl Stone Soup version 0.28-a0-101-g18048e5a82 (webtiles) character file.

Game seed: 6271326463050174115

1381 ZeroWinrate the Magician (level 8, -1/61 HPs)
             Began as a Djinni Conjurer on Aug 10, 2021.
             Killed from afar by an acid dragon (11 damage)
             ... with a splash of acid
             ... on level 7 of the Dungeon.
             The game lasted 00:13:59 (6756 turns).

ZeroWinrate the Magician (Djinni Conjurer)          Turns: 6756, Time: 00:14:00

Health: -1/61      AC:  4    Str:  6    XL:     8   Next: 99%
Gold:   194        EV: 13    Int: 22    God:
                   SH:  0    Dex: 12

rFire   + + .      SeeInvis .   b - +5 long sword
rCold   x . .      Faith    .   (no shield)
rNeg    . . .      Spirit   .   a - +2 robe
rPois   ∞          Reflect  .   (no helmet)
rElec   .          Harm     .   (no cloak)
rCorr   .          Rampage  .   (no gloves)
Will    .....                   (boots unavailable)
Stlth   ++........              (no amulet)
HPRegen 0.20/turn               (no ring)
MPRegen 0.00/turn               (no ring)

@: flying
A: sickness immunity, fire resistance 2, cold vulnerability 1, float, innate
caster, hp casting, extra vitality 1
a: no special abilities


You were on level 7 of the Dungeon.
You visited 1 branch of the dungeon, and saw 7 of its levels.

You collected 194 gold pieces.

Inventory:

Hand Weapons
 b - a +5 long sword (weapon)
 f - a +3 battleaxe of freezing
Missiles
 l - 2 javelins
 p - 3 datura-tipped darts
Armour
 a - a +2 robe (worn)
Scrolls
 c - 3 scrolls of identify {unknown}
 d - 2 scrolls of enchant armour
 e - a scroll of teleportation
 i - a scroll of torment
 k - a scroll of amnesia {unknown}
 o - a scroll of holy word {unknown}
 q - a scroll of fog {unknown}
Potions
 g - a potion of degeneration {unknown}
 j - 2 potions of mutation {unknown}
 m - 2 potions of cancellation {unknown}
 n - a potion of heal wounds {unknown}
 r - 2 potions of magic {unknown}
 s - a potion of lignification {unknown}


   Skills:
 + Level 5.8 Fighting
 + Level 4.6 Dodging
 - Level 1.5 Stealth
 * Level 6.7 Spellcasting


You couldn't memorise any spells.
You knew the following spells:

 Your Spells              Type           Power      Damage    Failure   Level
a - Magic Dart            Conj           100%       1d8       1%          1
b - Searing Ray           Conj           72%        3d6       1%          2
c - Dazzling Flash        Conj/Hex       72%        N/A       1%          3
d - Fulminant Prism       Conj/Hex       18%        3d11      5%          4
e - Iskenderun's Mystic   Conj/Tloc      36%        2d9       5%          4
f - Pain                  Necr           100%       1d9       1%          1
g - Passwall              Tmut/Erth      30%        N/A       1%          2
h - Portal Projectile     Hex/Tloc       72%        N/A       1%          3
Your spell library was empty.

Dungeon Overview and Level Annotations

Branches:
Dungeon (7/15)
 Temple: D:4-7

Altars:
Qazlal
Uskayaw

Annotations:
D:6 Maggie


Innate Abilities, Weirdness & Mutations

You are immune to sickness and miasma.
You are immune to poison.
Your flesh is very heat resistant. (rF++)
You are vulnerable to cold. (rC-)
You float through the air rather than walking.
You learn spells naturally, not from books.
Your magical power is your life essence.
You have superior vitality. (+4 HP)


Message History

The orc hits you from afar with a +0 trident.
The orc warrior closely misses you.
Your fulminant prism crackles loudly.
Casting: Fulminant Prism (dangerous; 5% risk of failure)
Confirm with . or Enter, or press ? or * to list all spells.
The orc is dazzled. x2; The orc closely misses you.
The orc warrior hits you with a +0 battleaxe!!
* * * LOW HITPOINT WARNING * * *
Your fulminant prism explodes!
The blast of energy engulfs the acid dragon!!
The acid dragon is almost dead.
The blast of energy engulfs the orc!
You kill the orc!
The blast of energy engulfs the orc warrior!
The orc warrior is severely wounded.
The orc completely misses you.
You hear a croak.
Unknown command.
A bullfrog comes into view.
Okay, then.
Okay, then.
Unknown command.
Unknown command.
Unknown command.
Unknown command.
Unknown command.
Unknown command.
Unknown command.
Unknown command.
Unknown command.
Unknown command.
Unknown command.
Unknown command.
Unknown command.
Unknown command.
Unknown command.
Unknown command.
The acid dragon spits acid at you. The splash of acid hits you!
You die...

##......#
##..####...
###.### #.
##..## ##..##
##..## .#
##.### #.#
###.## #..#
##o@## #..#
##..##
#..####..##
#...#D###
#....##
#....#.#######
...##
#.......#
....#
##.....##
.....# #D#...#


You could see an orc warrior and an acid dragon (catching breath).

Vanquished Creatures
  Sigmund (D:4)
  2 sky beasts (D:5)
  A black bear (D:5)
  A necrophage (D:5)
  3 ogres
  A scorpion (D:4)
  5 wights (D:7)
  A howler monkey (D:5)
  A hound (D:3)
  A centaur skeleton (D:4)
  2 iguanas
  4 gnolls (D:3)
  6 adders
  A white imp (D:6)
  4 worms
  16 orcs
  8 endoplasms
  5 giant cockroaches
  7 goblins
  6 hobgoblins
  2 quokkas
  5 ball pythons
  8 bats
  6 frilled lizards
  3 kobolds
  3 rats (D:1)
103 creatures vanquished.

Vanquished Creatures (others)
  6 fulminant prisms
  A fungus (D:3)
  6 plants (D:4)
13 creatures vanquished.

Grand Total: 116 creatures vanquished

Notes
Turn   | Place    | Note
-------+----------+-------------------------------------------
     0 | D:1      | ZeroWinrate the Djinni Conjurer began the quest for the
                  | Orb.
     0 | D:1      | Reached XP level 1. HP: 15/15 MP: 0/0
   190 | D:1      | Reached XP level 2. HP: 18/21 MP: 0/0
   657 | D:1      | Reached XP level 3. HP: 24/25 MP: 0/0
   657 | D:1      | Learned a level 1 spell: Pain
  1021 | D:2      | Reached skill level 1 in Fighting
  1021 | D:2      | Reached skill level 4 in Spellcasting
  1592 | D:2      | Reached XP level 4. HP: 30/32 MP: 0/0
  2408 | D:3      | Reached XP level 5. HP: 27/38 MP: 0/0
  2408 | D:3      | Learned a level 2 spell: Passwall
  2566 | D:3      | Found a hide-covered altar of Uskayaw.
  3397 | D:3      | Found a faded altar of an unknown god.
  3573 | D:4      | Noticed an ogre
  3785 | D:3      | Killed an ogre
  3786 | D:3      | Reached XP level 6. HP: 39/46 MP: 0/0
  4283 | D:4      | Reached skill level 5 in Spellcasting
  4371 | D:5      | Entered Level 5 of the Dungeon
  4377 | D:5      | Noticed a necrophage
  4394 | D:5      | Reached XP level 7. HP: 41/52 MP: 0/0
  4394 | D:5      | Learned a level 3 spell: Portal Projectile
  4608 | D:5      | Found a stormy altar of Qazlal.
  4854 | D:5      | Reached XP level 8. HP: 36/58 MP: 0/0
  5293 | D:5      | Reached skill level 5 in Fighting
  5452 | D:6      | Noticed Maggie
  5911 | D:7      | Reached skill level 6 in Spellcasting
  6305 | D:4      | Noticed Sigmund
  6324 | D:4      | Killed Sigmund
  6756 | D:7      | Killed from afar by an acid dragon

Illustrated notes

Levels and vault maps discovered:
D:1:      ncdulo_smallfort, layout_rooms
D:2:      layout_rooms
D:3:      layout_loops_ring, mainiacjoe_overflow_concentric_impassable,
          shapermc_ecumenical_altar_rom_forum, grunt_ministairs_12,
          grunt_decor_cap, chequers_serial_rivers_large_b
D:4:      layout_cave_pools, minitemple, minmay_temple_entry_proselytizer,
          gammafunk_ghost_gnarly_gnolls, uniq_blork_the_orc, uniq_sigmund
D:5:      layout_loops_cross, nicolae_qazlal_general_emergency,
          chequers_serial_rivers_small_3
D:6:      layout_loops_ring, nicolae_vehumet_radiance, minmay_mini_ossuary,
          uniq_maggie, uniq_pikel, uniq_menkaure
D:7:      layout_cave_pods, kennysheep_ying_yang, mainiacjoe_overflow_boulevard

Skill      XL: |  1  2  3  4  5  6  7  8 |
---------------+-------------------------+-----
Fighting       | 1 2 3 4 5 |  5.8
Spellcasting   | 4 5 6 |  6.7
Dodging        | 3 4 |  4.6
Stealth        | |  1.5

Action                   |  1- 3 |  4- 6 |  7- 9 || total
-------------------------+-------+-------+-------++-------
Melee: Battleaxe         |       |       |    12 ||    12
       Long sword        |       |       |     1 ||     1
Throw: Dart              |       |     2 |     6 ||     8
       Javelin           |       |       |     3 ||     3
 Cast: Magic Dart        |    59 |    77 |    31 ||   167
       Searing Ray       |     3 |    16 |    12 ||    31
       Dazzling Flash    |       |     3 |     1 ||     4
       Fulminant Prism   |       |       |     6 ||     6
       Portal Projectile |       |       |     1 ||     1
  Use: Scroll            |       |     3 |     4 ||     7
Armor: Robe              |       |     5 |     3 ||     8
Dodge: Dodged            |     2 |    22 |    19 ||    43

Table legend: (Time is in decaauts)
 A = Elapsed time spent in this place.
 B = Non-inter-level travel time spent in this place.
 C = Inter-level travel time spent in this place.
 D = Time resting spent in this place.
 E = Time spent auto-exploring this place.
 F = Levels seen in this place.
 G = Mean time per level.
                   A        B        C        D        E       F      G
               +--------+--------+--------+--------+--------+-----+--------+
         Total |   6770 |   6487 |    283 |   2635 |   2946 |   7 |  967.1 |
       Dungeon |   6770 |   6487 |    283 |   2635 |   2946 |   7 |  967.1 |
               +--------+--------+--------+--------+--------+-----+--------+

Top non-repeatable levels by time:
     D:3: 2148 daAuts
     D:1: 1219 daAuts
     D:5: 1131 daAuts
     D:7: 779 daAuts
     D:2: 763 daAuts
     D:4: 586 daAuts
     D:6: 141 daAuts
